 Dungeon Crawl Stone Soup version 0.27.0-65-ge2af304b15 (webtiles) character file.

Game seed: 17734025654532863025

170 Garym the Cutter (level 5, -11/63 HPs)
             Began as a Human Berserker on Aug 18, 2021.
             Was a Believer of Trog.
             Mangled by Duvessa (15 damage)
             ... on level 4 of the Dungeon.
             The game lasted 00:26:11 (3447 turns).

Garym the Cutter (Human Berserker)                  Turns: 3447, Time: 00:26:16

Health: -11/63     AC:  6    Str: 19    XL:     5   Next: 80%
Magic:  5/5        EV: 10    Int:  7    God:    Trog [**....]
Gold:   107        SH:  0    Dex: 12    Spells: 4/4 levels left

rFire    . . .     SeeInvis .   j - +0 rapier (flame)
rCold    . . .     Faith    .   (no shield)
rNeg     + . .     Spirit   .   l - +0 scale mail
rPois    .         Reflect  .   (no helmet)
rElec    .         Harm     .   (no cloak)
rCorr    .         Rampage  .   (no gloves)
Will     ++...                  (no boots)
Stlth    ..........             (no amulet)
HPRegen  1.20/turn              m - ring of positive energy
MPRegen  0.09/turn              (no ring)

@: berserking, strong-willed, regenerating, very quick
A: no striking features
a: Renounce Religion, Berserk, Trog's Hand


You were on level 4 of the Dungeon.
You worshipped Trog.
Trog was pleased with you.
You visited 1 branch of the dungeon, and saw 4 of its levels.

You collected 107 gold pieces.

Inventory:

Hand Weapons
 a - a +1 short sword of draining
 c - a +0 hunting sling
 i - a +3 dagger
 j - a +0 rapier of flaming (weapon)
Missiles
 g - 23 poisoned darts (quivered)
 h - 17 bolts
Armour
 l - a +0 scale mail (worn)
 n - a +0 ring mail
Jewellery
 m - a ring of positive energy (left hand)
Scrolls
 d - a scroll of brand weapon
 p - a scroll of teleportation
Potions
 b - a potion of curing {unknown}
 e - 3 potions of haste {unknown}
 k - a potion of heal wounds {unknown}
 o - 2 potions of flight {unknown}


   Skills:
 + Level 3.9 Fighting
 + Level 4.6 Short Blades
 + Level 0.1 Throwing
 + Level 2.8 Armour
 + Level 2.5 Dodging
 + Level 0.3 Stealth


You had 4 spell levels left.
You didn't know any spells.
Your spell library contained the following spells:

 Spells                   Type           Power      Damage    Failure   Level
 Summon Guardian Golem    Hex/Summ       0%         N/A       99%         3
 Orb of Destruction       Conj           0%         N/A       100%        7
 Spellforged Servitor     Conj/Summ      0%         N/A       100%        7


Dungeon Overview and Level Annotations

Branches:
Dungeon (4/15)
 Temple: D:4-7

Altars:

Shops:
D:3 (

Annotations:
D:4 Duvessa, Sigmund


Message History

You puncture Dowan! You burn Dowan.
You kill Dowan!
Trog accepts your kill.
Trog appreciates your killing of a magic user.
Duvessa screams, "No!
How DARE you!"
Duvessa goes berserk!
Duvessa hits you with a +0 short sword.
Your life force feels restored.
You puncture Duvessa! You burn Duvessa.
Duvessa is lightly wounded.
Duvessa closely misses you. The dart slug launches a dart at you.
The slug dart hits you but does no damage.
The endoplasm hits you.
You barely miss Duvessa.
Duvessa is lightly wounded.
Duvessa hits you with a +0 short sword!
You barely miss Duvessa.
Duvessa is lightly wounded.
Duvessa hits you with a +0 short sword. The endoplasm barely misses you.
Something hits you!
You are too berserk!
You are too berserk!
You completely miss Duvessa.
Duvessa is lightly wounded.
Duvessa hits you with a +0 short sword.
* * * LOW HITPOINT WARNING * * *
The endoplasm hits you but does no damage.
You hit Duvessa. You burn Duvessa.
Duvessa is moderately wounded.
Something hits you!
* * * LOW HITPOINT WARNING * * *
Duvessa hits you with a +0 short sword.
* * * LOW HITPOINT WARNING * * *
You barely miss Duvessa.
Duvessa is moderately wounded.
The endoplasm barely misses you. The dart slug launches a dart at you.
The slug dart hits you but does no damage.
Duvessa hits you with a +0 short sword!
You die...

......<.......#
##...
...............##
##..
................##
###
..w..............# #
.............#...##
.!..........###...##
.......>...##
###..## ..w...eJ..##
##..## ......)@.##
##..# .......!##
##.## ......###
#.^## .....# ##...
....# #... ...#
##... ... ##.... #.
#..... #....#


You could see Duvessa (berserk, fast), a worm, a dart slug and an endoplasm.

Vanquished Creatures
  Dowan (D:4)
  A centaur skeleton (D:4)
  An adder (D:3)
  A worm (D:2)
  3 dart slugs
  A ball python (D:1)
  6 endoplasms
  4 giant cockroaches
  4 goblins
  9 hobgoblins
  9 jackals
  7 kobolds
  3 quokkas
  7 bats
  2 frilled lizards
  5 rats
64 creatures vanquished.

Vanquished Creatures (others)
  2 fungi (D:1)
  A plant (D:1)
  A withered plant (D:1)
4 creatures vanquished.

Grand Total: 68 creatures vanquished

Notes
Turn   | Place    | Note
-------+----------+-------------------------------------------
     0 | D:1      | Garym the Human Berserker began the quest for the Orb.
     0 | D:1      | Reached XP level 1. HP: 18/18 MP: 1/1
   258 | D:1      | Reached XP level 2. HP: 20/24 MP: 2/2
   541 | D:1      | Found a faded altar of an unknown god.
   656 | D:1      | Reached XP level 3. HP: 23/29 MP: 3/3
  2118 | D:2      | Reached ** piety under Trog
  2150 | D:2      | Reached XP level 4. HP: 25/35 MP: 4/4
  2652 | D:3      | Reached skill level 4 in Short Blades
  2977 | D:3      | Found Jedouj's Weapon Boutique.
  3397 | D:4      | Reached XP level 5. HP: 37/42 MP: 5/5
  3432 | D:4      | Noticed Dowan
  3433 | D:4      | Noticed Duvessa
  3435 | D:4      | Noticed Sigmund
  3441 | D:4      | Killed Dowan
  3446 | D:4      | HP: 3/63 [Duvessa (5)]
  3447 | D:4      | Mangled by Duvessa

Illustrated notes

Levels and vault maps discovered:
D:1:      onia_arrival_mini_maze_b, layout_basic, shapermc_ecumenical_altar_gd,
          serial_glass, glass_columns_b, glass_columns_a, item_on_display_b,
          due_unseen_surprise, minmay_strange_pillars, feat_on_display,
          patterned_corridor
D:2:      layout_basic, serial_shops, shop_fountains, minmay_pentomino_w4
D:3:      layout_basic, serial_shops, nicolae_square_shop,
          hangedman_decor_points
D:4:      layout_layer_cave, chequers_temple_overflow_minitemple, uniq_sigmund,
          uniq_duvessa

Skill      XL: |  1  2  3  4 |
---------------+-------------+-----
Short Blades   | 4 |  4.6
Fighting       | |  3.9
Throwing       | |  0.1
Armour         | |  2.8
Dodging        | |  2.5
Stealth        | |  0.3

Action                   |  1- 3 |  4- 6 || total
-------------------------+-------+-------++-------
Melee: Short sword       |    87 |     1 ||    88
       Rapier            |       |    86 ||    86
Throw: Dart              |     3 |       ||     3
Invok: Berserk           |     2 |     3 ||     5
       Trog's Hand       |       |     1 ||     1
  Use: Scroll            |     3 |     3 ||     6
Armor: Animal skin       |     4 |       ||     4
       Leather armour    |    16 |       ||    16
       Scale mail        |       |    43 ||    43
Dodge: Dodged            |    36 |    48 ||    84
